 Dungeon Crawl Stone Soup version 0.30.0-13-g156ef70053 (webtiles) character file.

Game seed: 14919317272944303710

133 retardedninja the Shield-Bearer (level 4, 0/41 HPs)
             Began as a Minotaur Fighter on May 17, 2023.
             Slain by a water moccasin (5 damage)
             ... on level 4 of the Dungeon.
             The game lasted 00:02:21 (2456 turns).

retardedninja the Shield-Bearer (Minotaur Fighter)  Turns: 2456, Time: 00:02:22

Health: 0/41       AC:  7    Str: 23    XL:     4   Next: 93%
Magic:  3/3        EV:  9    Int:  5    God:
Gold:   230        SH:  4    Dex:  9    Spells: 3/3 levels left

rFire   . . .        a - +0 war axe
rCold   . . .        c - +0 buckler
rNeg    . . .        b - +0 scale mail
rPois   .            (helmet restricted)
rElec   .            (no cloak)
rCorr   .            (no gloves)
SInv    .            (no boots)
Will    .....        (no amulet) Stlth
                     (no ring)
HPRegen 0.26/turn    (no ring)
MPRegen 0.08/turn

%: no passive effects
@: lethally poisoned (0 -> -35), studying Shields
A: horns 2, retaliatory headbutt
a: no special abilities


You were on level 4 of the Dungeon.
You visited 1 branch of the dungeon, and saw 4 of its levels.

You collected 230 gold pieces.

Inventory:

Hand Weapons
 a - a +0 war axe (weapon)
Armour
 b - a +0 scale mail (worn)
 c - a +0 buckler (worn)
Jewellery
 f - an amulet of reflection
 g - a ring of willpower
 l - a ring of resist corrosion
 m - a +5 ring of evasion
 w - a ring of willpower
Scrolls
 e - 4 scrolls of identify {unknown}
 k - a scroll of amnesia {unknown}
 n - 2 scrolls of blinking {unknown}
 o - a scroll of magic mapping {unknown}
 p - 2 scrolls of vulnerability {unknown}
 q - a scroll of noise {unknown}
 t - a scroll of fog {unknown}
 u - 2 scrolls of enchant weapon {unknown}
Potions
 d - 2 potions of might
 h - 3 potions of ambrosia {unknown}
 i - a potion of degeneration {unknown}
 j - 2 potions of curing {unknown}
 r - a potion of magic {unknown}
 s - a potion of lignification {unknown}
 v - a potion of mutation {unknown}


   Skills:
 + Level 4.5 Fighting
 * Level 4.0 Axes
 + Level 4.5 Armour
 + Level 4.9 Shields


You had 3 spell levels left.
You didn't know any spells.
Your spell library was empty.

Dungeon Overview and Level Annotations

Branches:
Dungeon (4/15)
 Temple: D:4-7

Altars:


Innate Abilities, Weirdness & Mutations

You have a pair of horns on your head.
You reflexively headbutt those who attack you in melee.


Message History

A water moccasin is nearby!
You slash the water moccasin! You headbutt the water moccasin!
The water moccasin is severely wounded.
The water moccasin bites you. x2
You miss the water moccasin.
The water moccasin is severely wounded.
The water moccasin closely misses you. The water moccasin bites you.
You are poisoned.
The water moccasin poisons you!
You barely miss the water moccasin.
The water moccasin is severely wounded.
You feel very sick.
The water moccasin bites you but does no damage.
You closely miss the water moccasin.
You headbutt the water moccasin, but do no damage.
The water moccasin is severely wounded.
You feel very sick.
The water moccasin bites you but does no damage.
The water moccasin bites you.
You are too injured to fight recklessly!
You are too injured to fight recklessly!
You are too injured to fight recklessly!
You are too injured to fight recklessly!
You are too injured to fight recklessly!
You are too injured to fight recklessly!
You are too injured to fight recklessly!
You are too injured to fight recklessly!
You feel sick. The water moccasin bites you.
You are lethally poisoned!
The water moccasin poisons you!
The water moccasin bites you but does no damage.
You closely miss the water moccasin.
The water moccasin is severely wounded.
* * * LOW HITPOINT WARNING * * *
You feel extremely sick. The water moccasin bites you.
* * * LOW HITPOINT WARNING * * *
You are more poisoned.
The water moccasin poisons you! The water moccasin bites you.
You die...

..# #... ## .... #.#
#... #.
...#####.######..#
##...................#
##...#...........#.....
#....#.####.....####...
.#...#..# ##)..## #.##
.......S#####...# #.#
#@..##....# #.#
##........# #.#
#...###...# #.# #..##
#......... ....#
#.....#.... ####.#
#...###.... #.# #...# .
#.# ..## #..


You could see a water moccasin.

Vanquished Creatures
  4 adders (D:3)
  A worm (D:3)
  3 dart slugs
  2 orcs (D:3)
  7 ball pythons
  7 bats
  4 endoplasms
  5 giant cockroaches
  8 goblins
  6 hobgoblins
  7 jackals
  2 quokkas
  4 frilled lizards
  12 kobolds
  10 rats
82 creatures vanquished.

Notes
Turn   | Place    | Note
-------+----------+-------------------------------------------
     0 | D:1      | retardedninja the Minotaur Fighter began the quest for the
                  | Orb.
     0 | D:1      | Reached XP level 1. HP: 19/19 MP: 0/0
   103 | D:1      | Reached XP level 2. HP: 24/27 MP: 1/1
   248 | D:1      | Reached XP level 3. HP: 33/33 MP: 2/2
  1435 | D:3      | Reached XP level 4. HP: 34/40 MP: 3/3
  2449 | D:4      | Noticed a water moccasin
  2456 | D:4      | Slain by a water moccasin

Illustrated notes

Levels and vault maps discovered:
D:1:      lemuel_arrival_behind_the_door_small, layout_basic,
          minmay_pentomino_o4
D:2:      layout_basic, minmay_rat_gold_closets
D:3:      layout_basic, hangedman_feature_mirror, minmay_circle_x
D:4:      layout_layer_cave

Skill      XL: |  1  2  3  4 |
---------------+-------------+-----
Armour         | 4 |  4.5
Shields        | 4 |  4.9
Fighting       | 4 |  4.5
Axes           | 3 4 |  4.0

Action                     |  1- 3 |  4- 6 || total
---------------------------+-------+-------++-------
  Melee: War axe           |    96 |    49 ||   145
         Headbutt          |    12 |     8 ||    20
 Armour: Scale mail        |    49 |    25 ||    74
  Dodge: Dodged            |    48 |    21 ||    69
  Block: Buckler           |    22 |     5 ||    27
